cohdb
Replays
Latest Replays
All Replays
Popular Replays
Top Player Replays
Match Explorer
How It Works
Community
CoH3 Stats
Reddit
Sign in to upload your games and track your stats! →
Sign in with Steam
Match 44895743
Unlisted
Match 44895743
Overview
Messages
Build Orders
End
Selects Special Operations Battlegroup
Selects M29 Weasel Recon Vehicle
M29 Weasel Recon Vehicle
Construct Weapon Support Center
M1919 Machine Gun Team
Engineer Squad
Infantry Support Center
M1919 Machine Gun Team
Selects Raiding Flares
Bazooka Squad
Construct Tank Depot
Improved M9 Bazooka Rockets
Bazooka Squad
Selects SSF Commando Squad
SSF Commando Squad
SSF Commando Squad
M4(105) Sherman Bulldozer
Engineer Squad
Advanced Logistics
Selects Assault Operation
Selects Mark Vehicle
Selects UNKNOWN (2162291)
Survival Training
SSF Commando Squad
M4A1 Sherman Whizbang
M18 Hellcat Tank Destroyer
Engineer Squad
M3 Armored Personnel Carrier
M4A1 Sherman Whizbang
M18 Hellcat Tank Destroyer
Demolitions Package
M18 Hellcat Tank Destroyer
M18 Hellcat Tank Destroyer
Elegant_Downfall
Alpha_Roger
RPZWolf
冲锋大哥
Victor #52
506767261
Jeremy
JT
0
0
Comments
sign in to comment!
No comments posted yet!